Map: Triton LE

Players

Armani - Winner!

  • Race: Zerg Zerg
  • League: Grandmaster
  • Spawn Location: 11:00

Hurricane

  • Race: Protoss Protoss
  • League: Master
  • Spawn Location: 5:00

VOD

Have the link to the VOD?

Description

Time

  • Played on: Jan. 16, 2020, 5:19 a.m.
  • Length: 10:38
Show
View Real Time Build Order
Export as new Build Order

Armani Zerg - Winner!

Build Orders: Hatch First, Swarm Host 

Get SALT Encoding   

  12  0:00  Drone  
  13  0:12  Overlord  
  13  0:17  Drone  
  14  0:31  Drone x2  
  16  0:49  Hatchery  
  15  0:52  Drone  
  15  0:56  Drone  
  17  0:58  Drone  
  18  1:10  Extractor  
  17  1:13  Spawning Pool  
  17  1:16  Drone  
  17  1:20  Drone  
  18  1:29  Drone  
  19  1:40  Drone  
  20  1:49  Overlord  
  20  2:00  Queen  
  22  2:02  Zergling x2, Queen  
  22  2:03  Zergling x2  
  26  2:09  Metabolic Boost  
  26  2:12  Drone x2  
  28  2:30  Hatchery  
  28  2:31  Drone  
  28  2:35  Drone  
  29  2:39  Drone  
  30  2:45  Queen  
  30  2:49  Drone x2  
  34  2:54  Overlord  
  34  3:01  Drone  
  34  3:02  Drone  
  36  3:14  Drone x5  
  36  3:16  Drone  
  41  3:22  Drone  
  42  3:28  Drone  
  42  3:31  Overlord  
  43  3:37  Drone  
  44  3:41  Queen  
  44  3:42  Queen, Overlord  
  44  3:43  Drone x2  
  44  3:46  Spore Crawler  
  49  3:48  Drone  
  49  3:49  Spore Crawler  
  49  3:52  Zergling x2  
  49  3:53  Zergling x4  
  49  3:54  Zergling x2  
  53  3:56  Drone  
  53  4:02  Drone x3  
  57  4:03  Drone  
  57  4:05  Drone  
  59  4:17  Lair, Drone x2, Roach Warren  
  59  4:21  Drone  
  59  4:23  Extractor  
  60  4:24  Extractor, Drone  
  60  4:28  Drone x2  
  62  4:31  Drone  
  62  4:32  Drone x2  
  62  4:33  Overlord  
  62  4:34  Overlord  
  65  4:39  Spore Crawler, Overlord  
  65  4:41  Drone  
  65  4:42  Drone  
  65  4:44  Overlord  
  66  4:51  Overlord  
  66  4:53  Drone x4  
  66  4:57  Drone  
  66  4:59  Drone x2  
  72  5:03  Extractor  
  72  5:04  Drone x4  
  72  5:06  Spore Crawler  
  74  5:08  Spore Crawler  
  74  5:10  Roach  
  74  5:13  Roach x3  
  82  5:16  Glial Reconstitution  
  82  5:18  Roach  
  82  5:20  Roach  
  84  5:22  Roach  
  84  5:23  Roach  
  89  5:29  Roach x4  
  89  5:30  Overseer  
  89  5:34  Extractor  
  89  5:35  Extractor, Evolution Chamber, Overseer  
  94  5:36  Overlord  
  94  5:38  Drone x2  
  96  5:50  Overlord  
  96  5:52  Overlord  
  96  6:02  Roach x4  
  96  6:03  Overlord  
  104  6:07  Drone  
  104  6:08  Overlord  
  104  6:10  Drone x8  
  113  6:25  Hatchery  
  112  6:28  Overlord, Zerg Missile Weapons Level 1  
  112  6:30  Infestation Pit  
  111  6:37  Zergling x10  
  111  6:38  Zergling x8, Overlord  
  120  6:40  Overlord  
  120  6:41  Overlord  
  120  6:43  Overlord  
  120  6:58  Drone x2  
  120  7:01  Overlord  
  121  7:07  Overlord  
  121  7:08  Swarm Host x4  
  124  7:09  Swarm Host  
  124  7:12  Swarm Host  
  124  7:13  Swarm Host x5  
  154  7:16  Swarm Host  
  154  7:20  Swarm Host  
  154  7:21  Swarm Host  
  163  7:29  Roach x3  
  171  7:30  Roach, Overlord  
  171  7:36  Drone x2  
  171  7:37  Queen  
  172  7:38  Roach  
  172  7:42  Roach x3  
  182  7:48  Extractor  
  180  7:52  Ravager x5  
  180  7:53  Overlord x4  
  180  7:57  Overlord  
  185  8:09  Drone  
  186  8:15  Roach x6  
  186  8:16  Ravager  
  192  8:39  Roach x6  
  200  8:42  Overlord  
  200  8:46  Drone  
  190  8:49  Roach x6  
  190  8:50  Overlord  
  190  9:00  Roach x7  
  190  9:12  Roach x5  
  193  9:17  Roach x3  
  196  9:27  Ravager x4  
  196  9:29  Overlord  
  196  9:31  Overseer  
  200  9:35  Extractor, Drone  
  200  9:36  Spire  
  200  9:37  Drone  
  200  9:41  Hatchery  
  198  9:57  Roach x5  
  199  10:04  Roach x5  
  194  10:09  Roach x5  
  191  10:15  Roach  
  191  10:16  Roach x3  
  192  10:31  Ravager x4  
Show
View Real Time Build Order
Export as new Build Order

Hurricane Protoss 

Build Orders: 1 Gate Expand, Phoenix Opening, Archon Immortal, Archon Drop 

Get SALT Encoding   

  12  0:00  Probe  
  13  0:13  Probe  
  14  0:20  Pylon  
  14  0:25  Probe  
  15  0:33  Assimilator  
  15  0:38  Probe (Chrono Boost)  
  16  0:43  Gateway  
  16  0:47  Probe (Chrono Boost)  
  17  0:53  Probe  
  18  1:05  Probe  
  19  1:17  Probe  
  20  1:23  Nexus  
  20  1:32  Cybernetics Core  
  20  1:37  Probe  
  21  1:40  Assimilator  
  21  1:49  Probe  
  21  1:51  Pylon  
  22  2:01  Probe (Chrono Boost)  
  22  2:07  Adept (Chrono Boost)  
  23  2:11  Probe (Chrono Boost)  
  23  2:13  Stargate  
  26  2:16  Probe (Chrono Boost)  
  26  2:19  Warp Gate  
  27  2:29  Adept  
  28  2:31  Probe (Chrono Boost)  
  28  2:35  Probe (Chrono Boost)  
  33  2:45  Probe x2 (Chrono Boost)  
  33  2:50  Probe (Chrono Boost)  
  33  2:52  Probe  
  33  2:57  Phoenix (Chrono Boost)  
  37  2:58  Pylon  
  37  3:02  Probe  
  37  3:05  Probe  
  39  3:14  Probe  
  39  3:15  Assimilator  
  39  3:16  Assimilator  
  39  3:17  Probe  
  41  3:26  Probe  
  44  3:29  Probe  
  45  3:38  Probe  
  45  3:39  Robotics Facility  
  45  3:41  Probe  
  45  3:48  Gateway  
  45  3:50  Probe, Twilight Council  
  45  3:53  Probe  
  47  4:02  Probe  
  46  4:05  Probe, Pylon  
  46  4:07  Gateway  
  46  4:08  Gateway, Oracle  
  50  4:14  Probe, Adept  
  53  4:20  Probe  
  53  4:23  Warp Prism (Chrono Boost)  
  54  4:25  Pylon  
  56  4:31  Templar Archives  
  56  4:37  Zealot  
  58  4:42  Pylon  
  58  4:44  Zealot  
  61  4:52  Observer  
  61  4:57  Nexus  
  61  5:01  Pylon  
  61  5:03  Probe x2  
  63  5:13  High Templar x4  
  71  5:17  High Templar  
  71  5:18  High Templar x3  
  71  5:19  Probe  
  72  5:21  Archon  
  72  5:22  Archon  
  72  5:26  Immortal (Chrono Boost)  
  76  5:31  Probe x2  
  76  5:35  Pylon  
  78  5:44  Probe x2  
  80  5:55  Robotics Facility, Sentry, Stalker x2  
  86  6:06  Probe  
  87  6:14  Immortal (Chrono Boost)  
  91  6:20  Sentry x2, Zealot  
  91  6:23  Gateway  
  91  6:24  Probe x2, Gateway  
  99  6:26  Gateway  
  99  6:27  Gateway  
  99  6:32  Forge  
  99  6:33  Probe  
  99  6:36  Probe  
  97  6:43  Probe  
  97  6:45  Probe  
  97  6:46  Assimilator, Observer (Chrono Boost)  
  100  6:47  Immortal (Chrono Boost), Assimilator  
  100  6:48  Probe, Colossus (Chrono Boost)  
  105  6:55  Probe  
  105  6:59  Protoss Ground Weapons Level 1  
  104  7:01  Probe x2  
  104  7:04  Immortal (Chrono Boost)  
  104  7:07  Probe  
  109  7:11  Pylon  
  109  7:12  Pylon  
  109  7:13  Pylon  
  109  7:19  Charge  
  109  7:23  Pylon  
  109  7:27  Immortal (Chrono Boost)  
  109  7:29  Probe x3  
  116  7:40  Stalker, Psionic Storm  
  116  7:41  Immortal (Chrono Boost), Zealot  
  124  7:53  High Templar x2  
  124  7:55  Zealot x4  
  124  7:57  Immortal  
  138  8:15  Shield Battery  
  138  8:17  Shield Battery  
  138  8:18  Photon Cannon  
  138  8:19  Shield Battery x2  
  138  8:21  High Templar  
  138  8:31  Zealot x7  
  114  8:46  Immortal (Chrono Boost)  
  120  8:51  Probe x2  
  120  8:54  Immortal (Chrono Boost)  
  114  8:58  Zealot x5  
  114  8:59  High Templar  
  120  9:08  Observer  
  118  9:16  Immortal (Chrono Boost)  
  115  9:18  High Templar x3  
  115  9:19  High Templar  
  115  9:20  High Templar, Zealot x2  
  131  9:30  Immortal (Chrono Boost)  
  129  9:39  Zealot  
  131  9:47  High Templar  
  131  9:50  Pylon x2  
  131  9:52  Pylon x2  
  133  9:54  Pylon  
  133  9:55  Immortal  
  125  10:00  Archon x3  
  125  10:01  Zealot x2  
  125  10:05  Zealot x2  
  116  10:09  Zealot  
  116  10:11  Zealot  
Tags
 
Add a new tag
Caveats
  • Supply blocks, unpowered buildings, or Contaminate may cause inaccurate times.
  • Supply counts are checked every 10 seconds.